 Dungeon Sprint DCSS version bcrawl-1.21.3-16-g7f46a08de7 (webtiles) character file.

Game seed: 9296638915355833098

10 Dyss the Conjurer (level 2, -2/17 HPs)
             Began as a Fairy Conjurer on Apr 28, 2020.
             Slain by Menkaure (19 damage)
             ... in the Dungeon (Sprint II: "The Violet Keep of Menkaure").
             The game lasted 00:01:03 (292 turns).

Dyss the Conjurer (Fairy Conjurer)                   Turns: 292, Time: 00:01:04

Health: -2/17      AC:  3    Str:  6    XL:     2   Next: 20%
Magic:  7/7        EV: 16    Int: 18    God:
Gold:   243        SH:  3    Dex: 12    Spells: 5/6 levels left

rFire    . . .     SeeInvis .   (weapon restricted)
rCold    . . .     Gourm    .   (shield restricted)
rNeg     . . .     Faith    .   (armour unavailable)
rPois    .         Spirit   .   (no helmet)
rElec    .         Reflect  .   (no cloak)
rCorr    .         Harm     .   (no gloves)
MR       .....     NoTele   +   (no boots)
Stlth    +.........             (no amulet)
HPRegen  0.05/turn              (no ring)
MPRegen  0.10/turn              (no ring)

@: flying evasively
A: small, magic attunement, unstealthy, unfitting armour, able to fly, AC/SH +3
a: Stop Flying


You were in the Dungeon.
You were not hungry.

You visited 1 branch You collected 243 gold pieces.

Inventory:

Scrolls
 h - a scroll of blinking
Potions
 b - 3 potions of magic
 c - a potion of heal wounds
 d - a potion of curing
 f - a potion of haste
Comestibles
 e - a ration {!d}


   Skills:
 - Level 2.6 Dodging
 - Level 1.5 Stealth
 - Level 2.6 Spellcasting
 + Level 7.1 Conjurations


You had 5 spell levels left.
You knew the following spells:

 Your Spells              Type           Power        Failure   Level  Hunger
a - Magic Dart            Conj           ####         1%          1    None

Your spell library contained the following spells:

 Spells                   Type           Power        Failure   Level  Hunger
 Searing Ray              Conj           ####....     1%          2    None
 Iskenderun's Mystic Bla  Conj           ####....     2%          3    None
 Fulminant Prism          Conj/Hex       ###.......   36%         4    None
 Irradiate                Conj/Tmut      ###.......   73%         5    None


Dungeon Overview and Level Annotations

Branches:
Dungeon (1/1)

Altars:
Beogh

Annotations:
D Menkaure


Innate Abilities, Weirdness & Mutations

Your spells do not cause hunger and MP costs are reduced by 1.
Your bright wings attract enemies. (Stealth-)
You cannot fit into any form of body armour.
Your shimmering scales are hard and can block incoming attacks. (AC +3, SH +3)
You are small and have problems with some larger weapons.
You can fly continuously.


Message History

Menkaure is heavily damaged.
Menkaure shrieks, "Why can't you leave me to my rest?"
Casting: Magic Dart (safe; 1% risk of failure)
Confirm with . or Enter, or press ? or * to list all spells.
Aiming: Magic Dart (safe; 1% risk of failure)
Press: ? - help, Shift-Dir - straight line, f/p - Menkaure
Aim: Menkaure (heavily damaged)
The magic dart hits Menkaure.
Menkaure is severely damaged.
Menkaure closely misses you.
Casting: Magic Dart (safe; 1% risk of failure)
Confirm with . or Enter, or press ? or * to list all spells.
Aiming: Magic Dart (safe; 1% risk of failure)
Press: ? - help, Shift-Dir - straight line, f/p - Menkaure
Aim: Menkaure (severely damaged)
The magic dart hits Menkaure but does no damage.
Menkaure is severely damaged.
Menkaure hits you!!
Ouch! That really hurt!
You die...

≈ .≈ .≈° ≈z
#+++#+++##
......M@.#
≈.##+##..# ##.####
#....# ###..## #+#
#.##..#
##.####.#†.#
+.<.'.##+..###
##.##...#....###..


You could see Menkaure.

Vanquished Creatures
  3 worms (D)
3 creatures vanquished.

Notes
Turn   | Place    | Note
-------+----------+-------------------------------------------
     0 | D        | Dyss the Fairy Conjurer began the quest for the Orb.
     0 | D        | Reached XP level 1. HP: 11/11 MP: 6/6
     7 | D        | Reached skill level 6 in Conjurations
    10 | D        | Reached XP level 2. HP: 14/17 MP: 7/7
   150 | D        | Found a roughly hewn altar of Beogh.
   152 | D        | Reached skill level 7 in Conjurations
   280 | D        | Noticed a flying skull
   281 | D        | Noticed a flying skull
   281 | D        | Noticed a flying skull
   282 | D        | Noticed a flying skull
   284 | D        | Noticed a flying skull
   284 | D        | Noticed a flying skull
   285 | D        | Noticed Menkaure
   292 | D        | Slain by Menkaure

Skill      XL: |  1  2 |
---------------+-------+-----
Conjurations   | 6 7 |  7.1
Dodging        | |  2.6
Stealth        | |  1.5
Spellcasting   | |  2.6

Action                   || total
-------------------------++-------
Melee: Unarmed           ||     4
 Cast: Magic Dart        ||    16
  Use: Potion            ||     1
Armor: Skin              ||     1
Dodge: Dodged            ||     2
